 Dungeon Crawl Stone Soup version 0.19.1 (webtiles) character file.

2930 tognito the Cleaver (level 9, 0/84 HPs)
             Began as a Minotaur Berserker on Nov 25, 2016.
             Was an Elder of Trog.
             Slain by an ogre
             ... wielding a +0 giant spiked club
              (15 damage)
             ... on level 8 of the Dungeon on Nov 26, 2016.
             The game lasted 00:14:19 (6201 turns).

tognito the Cleaver (Minotaur Berserker)            Turns: 6201, Time: 00:14:19

Health: 0/84       AC: 15    Str: 25    XL:     9   Next: 50%
Magic:  8/8        EV:  9    Int:  4    God:    Trog [****..]
Gold:   328        SH:  0    Dex: 10    Spells: 0 memorised, 8 levels left

rFire  . . .     SeeInvis .     a - +4 executioner's axe (flame)
rCold  . . .     Gourm    .     m - +1 plate armour
rNeg   . . .     Faith    .     (shield currently unavailable)
rPois  .         Spirit   .     (helmet restricted)
rElec  .         Reflect  .     d - +0 cloak
rCorr  .         Harm     .     (no gloves)
MR     .....     Rnd*Tele +     (no boots)
Stlth  ..........               (no amulet)
                                (no ring)
                                g - ring of teleportation

@: no status effects
A: retaliatory headbutt, horns 2
a: Berserk, Trog's Hand, Brothers in Arms, Burn Spellbooks, Renounce Religion


You were on level 8 of the Dungeon.
You worshipped Trog.
Trog was greatly pleased with you.
You were not hungry.

You visited 1 branch of the dungeon, and saw 8 of its levels.

You collected 328 gold pieces.

Inventory:

Hand Weapons
 a - a +4 executioner's axe of flaming (weapon)
 b - a +0 hand crossbow
Missiles
 k - 16 bolts
 v - 3 javelins of penetration (quivered)
Armour
 d - a +0 cloak (worn)
 m - a +1 plate armour (worn)
Jewellery
 g - a ring of teleportation (left hand)
 p - a +1 ring of evasion
 r - an uncursed ring of protection from magic
Wands
 o - a wand of iceblast (15/15)
 q - a wand of teleportation (5/9)
Scrolls
 e - a scroll of magic mapping
 n - 2 scrolls of teleportation
 s - 2 scrolls of blinking
Potions
 h - 3 potions of cure mutation
 l - 4 potions of heal wounds
 t - a potion of resistance
Comestibles
 c - 10 bread rations
 f - 2 meat rations
 i - 3 beef jerkies
 j - a royal jelly
 u - 2 fruits
 w - 2 chunks of flesh


   Skills:
 * Level 9.5 Fighting
 * Level 10.0 Axes
 + Level 6.8 Armour
 + Level 6.4 Dodging


You had 8 spell levels left.
You didn't know any spells.

Dungeon Overview and Level Annotations

Branches:
Dungeon (8/15)             Temple (0/1) D:7            Lair (0/6) D:8

Altars:
Hepliaklqana
Qazlal
Trog
Vehumet
The Shining One


Innate Abilities, Weirdness & Mutations

You reflexively headbutt those who attack you in melee.
You have a pair of horns on your head.


Message History

You start resting.
You feel less exhausted.
You start resting.
An orc wizard comes into view. It is wielding a dagger of holy wrath.
You start resting.
An ogre comes into view. It is wielding a giant spiked club.
The ogre shouts!
The ogre barely misses you.
You hit the ogre. You burn the ogre.
The ogre is moderately wounded.
The ogre hits you with a giant spiked club!
* * * LOW HITPOINT WARNING * * *
Your plate armour prevents you from hitting the ogre.
The ogre is moderately wounded.
The ogre hits you but does no damage.
Your plate armour prevents you from hitting the ogre.
You headbutt the ogre.
The ogre is moderately wounded.
The ogre hits you with a giant spiked club!
You die...
P>.P #.# P.P

#.# PP #.# #.#
o.# # #.# .# #.#
..
######.######.#
........O@.....#
#######..(.....#
#..).....#
##.......#
.............
..###.#.#.#####
#.#.#.# #.#.#.#
#.#.#.#


You could see an ogre.

Vanquished Creatures
  Grinder (D:3)
  A spriggan (D:7)
  The ghost of Philosophy the Chopper, an amateur HOFi of Okawaru (D:3)
  Eustachio (D:5)
  Grum (D:8)
  Menkaure (D:6)
  Duvessa (D:6)
  A phantom (D:4)
  An ogre (D:4)
  3 wolves (D:8)
  A crocodile (D:8)
  2 bullfrogs
  Dowan (D:6)
  5 scorpions
  A howler monkey (D:6)
  2 crimson imps
  A quasit (D:7)
  A bullfrog zombie (D:5)
  4 hounds
  A gnoll shaman (D:4)
  A centaur skeleton (D:4)
  6 orc priests
  2 orc wizards
  Natasha (thrice) (D:3)
  5 worker ants
  2 hound skeletons (D:4)
  5 gnolls (D:4)
  A river rat (D:8)
  12 adders
  An ooze (D:1)
  2 worms
  19 orcs
  3 ball pythons
  8 giant cockroaches
  6 goblins
  11 hobgoblins
  6 jackals
  4 kobolds
  A quokka (D:4)
  8 bats
  5 frilled lizards
  A leopard gecko skeleton (D:5)
  A leopard gecko zombie (D:7)
  5 rats
  2 fungi (D:8)
151 creatures vanquished.

Vanquished Creatures (others)
  An orc warrior (D:7)
  11 fungi (D:8)
12 creatures vanquished.

Grand Total: 163 creatures vanquished

Notes
Turn   | Place    | Note
-------+----------+-------------------------------------------
     0 | D:1      | tognito the Minotaur Berserker began the quest for the Orb.
     0 | D:1      | Reached XP level 1. HP: 19/19 MP: 0/0
   203 | D:1      | Reached XP level 2. HP: 27/27 MP: 1/1
   330 | D:1      | Reached skill level 4 in Axes
   675 | D:2      | Reached XP level 3. HP: 22/33 MP: 2/2
   899 | D:2      | Reached ** piety under Trog
  1469 | D:3      | Noticed Natasha
  1472 | D:3      | Noticed Philosophy's ghost (amateur HOFi)
  1472 | D:3      | Reached XP level 4. HP: 41/41 MP: 3/3
  1476 | D:3      | Killed Natasha
  1481 | D:3      | Killed Philosophy's ghost
  1481 | D:3      | Reached skill level 5 in Fighting
  1481 | D:3      | Reached skill level 5 in Axes
  1481 | D:3      | Reached XP level 5. HP: 48/48 MP: 4/4
  1508 | D:3      | Noticed Natasha
  1516 | D:3      | Killed Natasha
  1516 | D:3      | Reached XP level 6. HP: 37/56 MP: 5/5
  1527 | D:3      | Noticed Natasha
  1535 | D:3      | Killed Natasha
  1640 | D:3      | You fall through a shaft for 2 floors!
  1640 | D:5      | Entered Level 5 of the Dungeon
  1857 | D:5      | Reached skill level 6 in Axes
  2129 | D:5      | Reached XP level 7. HP: 58/63 MP: 6/6
  2364 | D:5      | Found a glowing golden altar of the Shining One.
  2819 | D:5      | Noticed Eustachio
  2830 | D:5      | Killed Eustachio
  2830 | D:5      | Reached *** piety under Trog
  2830 | D:5      | Reached skill level 7 in Axes
  3024 | D:4      | Reached skill level 5 in Armour
  3249 | D:4      | Reached XP level 8. HP: 46/73 MP: 7/7
  3302 | D:3      | Noticed Grinder
  3314 | D:3      | Killed Grinder
  3823 | D:4      | Reached skill level 8 in Axes
  3823 | D:4      | Reached skill level 5 in Dodging
  3897 | D:4      | Received a gift from Trog
  4185 | D:6      | Noticed Menkaure
  4195 | D:6      | Killed Menkaure
  4369 | D:6      | Identified a scroll of acquirement
  4732 | D:6      | Noticed Dowan
  4733 | D:6      | Noticed Duvessa
  4735 | D:6      | Killed Dowan
  4735 | D:6      | Reached skill level 9 in Axes
  4739 | D:6      | Killed Duvessa
  4743 | D:6      | Reached XP level 9. HP: 74/82 MP: 8/8
  5222 | D:7      | Found a radiant altar of Vehumet.
  5223 | D:7      | Found a hazy altar of Hepliaklqana.
  5313 | D:7      | Found a stormy altar of Qazlal.
  5420 | D:7      | Found a staircase to the Ecumenical Temple.
  5810 | D:7      | Found a bloodstained altar of Trog.
  5984 | D:8      | Found a staircase to the Lair.
  5995 | D:8      | Reached **** piety under Trog
  5995 | D:8      | Received a gift from Trog
  6113 | D:8      | Noticed Grum
  6124 | D:8      | Killed Grum
  6124 | D:8      | Reached skill level 10 in Axes
  6125 | D:8      | HP: 6/126 [wolf[Grum] (3)]
  6201 | D:8      | Slain by an ogre

Skill      XL: |  1  2  3  4  5  6  7  8  9 |
---------------+----------------------------+-----
Fighting       | 4 5 6 7 8 9 |  9.5
Axes           | 4 5 6 7 9 10 | 10.0
Armour         | 3 4 5 6 |  6.8
Dodging        | 3 4 5 6 |  6.4

Action                   |  1- 3 |  4- 6 |  7- 9 || total
-------------------------+-------+-------+-------++-------
Melee: Hand axe          |    65 |    44 |   161 ||   270
       Headbutt          |     7 |     7 |    35 ||    49
       Executioner's axe |       |       |    64 ||    64
 Fire: Hand crossbow     |       |     7 |    61 ||    68
Invok: Berserk           |       |     2 |     2 ||     4
       Trog's Hand       |       |     1 |     1 ||     2
  Use: Potion            |     3 |     1 |     4 ||     8
       Scroll            |       |       |    17 ||    17
  Eat: Chunk             |     1 |     4 |    16 ||    21
Armor: Animal skin       |     9 |     1 |     3 ||    13
       Plate armour      |       |       |   153 ||   153
Dodge: Dodged            |    43 |    27 |   139 ||   209
